 Dungeon Crawl Stone Soup version 0.29-a0-284-gf9362112df (webtiles) character file.

Game seed: 16972372003003832711

58 gzilladon the Firebug (level 4, -3/34 HPs)
             Began as a Hill Orc Fire Elementalist on Mar 24, 2022.
             Slain by an adder (4 damage)
             ... on level 3 of the Dungeon.
             The game lasted 00:08:23 (2283 turns).

gzilladon the Firebug (Hill Orc Fire Elementalist)  Turns: 2283, Time: 00:08:23

Health: -3/34      AC: -1    Str: 10    XL:     4   Next: 2%
Magic:  3/7        EV: 12    Int: 17    God:
Gold:   77         SH:  0    Dex: 11    Spells: 4/7 levels left

rFire   . . .      SeeInvis .   f - +4 whip
rCold   . . .      Faith    .   (no shield)
rNeg    . . .      Spirit   .   a - +1 robe
rPois   .          Reflect  .   (no helmet)
rElec   .          Harm     .   (no cloak)
rCorr   .          Rampage  .   (no gloves)
Will    .....                   (no boots)
Stlth   ++........              (no amulet)
HPRegen 0.11/turn               (no ring)
MPRegen 0.10/turn               (no ring)

@: lethally poisoned (-3 -> -5), about to teleport, corroded
A: no striking features
a: no special abilities


You were on level 3 of the Dungeon.
You visited 1 branch of the dungeon, and saw 3 of its levels.

You collected 77 gold pieces.

Inventory:

Hand Weapons
 c - a +0 dagger
 f - a +4 whip (weapon)
Missiles
 d - 44 stones
Armour
 a - a +1 robe (worn)
 k - a +0 kite shield
Scrolls
 g - 2 scrolls of identify {unknown}
 h - a scroll of immolation {unknown}
 i - a scroll of enchant armour
 j - a scroll of fog {unknown}
 l - a scroll of fear {unknown}
Potions
 b - a potion of magic


   Skills:
 + Level 0.6 Fighting
 + Level 0.8 Maces & Flails
 + Level 2.0 Dodging
 + Level 2.0 Stealth
 + Level 2.2 Spellcasting
 + Level 1.1 Conjurations
 + Level 3.5 Fire Magic


You had 4 spell levels left.
You knew the following spells:

 Your Spells              Type           Power      Damage    Failure   Level
a - Foxfire               Conj/Fire      36%        2x1d5     7%          1
b - Scorch                Fire           28%        2d6       7%          2

Your spell library contained the following spells:

 Spells                   Type           Power      Damage    Failure   Level
 Conjure Flame            Conj/Fire      9%         6-21      22%         3
 Inner Flame              Hex/Fire       8%         N/A       26%         3
 Dazzling Flash           Conj/Hex       6%         N/A       41%         3
 Flame Wave               Conj/Fire      9%         2d5       56%         4
 Petrify                  Tmut/Erth      1%         N/A       88%         4
 Agony                    Necr           1%         N/A       99%         5
 Metabolic Englaciation   Hex/Ice        0%         N/A       99%         5
 Silence                  Hex/Air        0%         N/A       99%         5
 Statue Form              Tmut/Erth      0%         N/A       100%        6


Dungeon Overview and Level Annotations

Branches:
Dungeon (3/15)

Altars:
Trog

Annotations:
D:3 Ijyb


Message History

An adder comes into view.
Found a stone staircase leading down.
Found a scroll of summoning.
Ijyb the Twisted Goblin comes into view.
She is wielding a +0 dagger and carrying a wand of acid (4).
Ijyb shouts!
A hobgoblin comes into view.
The adder hisses angrily.
Found a scimitar.
Ijyb drinks a potion.
Ijyb seems to grow stronger.
You hit Ijyb.
Ijyb is lightly wounded.
Ijyb zaps a wand.
The bolt of acid hits you!!
Ouch! That really hurt!
The acid corrodes you!
You feel much better. The adder closely misses you.
Ijyb hits you with a +0 dagger!
Casting: Foxfire (safe; 7% risk of failure)
Confirm with . or Enter, or press ? or * to list all spells.
Flames lash the hobgoblin.
You kill the hobgoblin!
The adder barely misses you. Ijyb hits you with a +0 dagger!
The adder bites you.
You are poisoned.
The adder poisons you!
Casting: Scorch (safe; 7% risk of failure)
Confirm with . or Enter, or press ? or * to list all spells.
Flames lash the adder.
The adder is severely wounded.
The adder's fire resistance burns away.
You feel sick. The adder bites you. Ijyb barely misses you.
You barely miss Ijyb.
Ijyb is lightly wounded.
You feel sick. The adder bites you.
* * * LOW HITPOINT WARNING * * *
Ijyb hits you with a +0 dagger!
* * * LOW HITPOINT WARNING * * *
As you read the scroll of teleportation, it crumbles to dust.
You feel strangely unstable.
* * * LOW HITPOINT WARNING * * *
You feel sick. The adder bites you.
You die...

###### .. #....# .....#
#....# ..?..# #....#
#.....# #....##
###......
#.....####......##
#................#.
#....###....S......
######..........@g.....)
#...#.......#....†.....#
.........####..........#
..........# #......>...#
..........####........##
.......................#
.........>.............#
#...#.....###..........#
#######..###


You could see Ijyb (strong) and an adder (combustible).

Vanquished Creatures
  An adder (D:2)
  2 dart slugs
  2 orcs (D:3)
  2 bats (D:2)
  An endoplasm (D:1)
  A giant cockroach (D:2)
  A goblin (D:1)
  4 hobgoblins
  A quokka (D:2)
  5 ball pythons
  14 frilled lizards
  5 kobolds
  4 rats
43 creatures vanquished.

Vanquished Creatures (collateral kills)
  A giant cockroach (D:2)
  A rat (D:2)
2 creatures vanquished.

Vanquished Creatures (others)
  12 foxfires (D:1)
  7 plants (D:1)
19 creatures vanquished.

Grand Total: 64 creatures vanquished

Notes
Turn   | Place    | Note
-------+----------+-------------------------------------------
     0 | D:1      | gzilladon the Hill Orc Fire Elementalist began the quest
                  | for the Orb.
     0 | D:1      | Reached XP level 1. HP: 14/14 MP: 3/3
   312 | D:1      | Found a faded altar of an unknown god.
   380 | D:1      | Reached XP level 2. HP: 19/20 MP: 4/4
   398 | D:1      | HP: 1/20 [frilled lizard (3)]
  1251 | D:2      | Reached XP level 3. HP: 19/26 MP: 6/6
  1935 | D:2      | Found a bloodstained altar of Trog.
  2004 | D:2      | Learned a level 2 spell: Scorch
  2109 | D:3      | Reached XP level 4. HP: 18/34 MP: 7/7
  2273 | D:3      | Noticed Ijyb
  2283 | D:3      | HP: 1/34 [poisoned by an adder]
  2283 | D:3      | Slain by an adder

Illustrated notes

Levels and vault maps discovered:
D:1:      doesnt_arrival_eight_statues, layout_loops_ring, serial_rivers,
          chequers_serial_rivers_large_b, chequers_serial_rivers_micro_c,
          chequers_serial_rivers_micro_d, chequers_serial_rivers_small_a,
          chequers_serial_rivers_room_b, chequers_serial_rivers_small_3,
          shapermc_ecumenical_altar_mp_ritualfount, minivault_4,
          minmay_lizard_pond
D:2:      layout_basic, basic_altar
D:3:      layout_rooms, general_overflow_altar, uniq_sigmund, uniq_ijyb,
          uniq_crazy_yiuf_cottage

Skill      XL: |  1  2  3 |
---------------+----------+-----
Spellcasting   | 2 |  2.2
Dodging        | 2 |  2.0
Stealth        | 2 |  2.0
Fighting       | |  0.6
Maces & Flails | |  0.8
Conjurations   | |  1.1
Fire Magic     | |  3.5

Action                   |  1- 3 |  4- 6 || total
-------------------------+-------+-------++-------
Melee: Whip              |   134 |     2 ||   136
       Unarmed           |     8 |       ||     8
       Dagger            |     7 |       ||     7
       Punch             |     2 |       ||     2
 Cast: Foxfire           |     8 |       ||     8
       Scorch            |       |     2 ||     2
  Use: Scroll            |     4 |     1 ||     5
       Potion            |     2 |     1 ||     3
 Stab: Sleeping          |     2 |       ||     2
Armor: Robe              |    33 |       ||    33
Dodge: Dodged            |   104 |     3 ||   107

Table legend: (Time is in decaauts)
 A = Elapsed time spent in this place.
 B = Non-inter-level travel time spent in this place.
 C = Inter-level travel time spent in this place.
 D = Time resting spent in this place.
 E = Time spent auto-exploring this place.
 F = Levels seen in this place.
 G = Mean time per level.
                   A        B        C        D        E       F      G
               +--------+--------+--------+--------+--------+-----+--------+
         Total |   2322 |   2115 |    207 |    794 |      0 |   3 |  774.0 |
       Dungeon |   2322 |   2115 |    207 |    794 |      0 |   3 |  774.0 |
               +--------+--------+--------+--------+--------+-----+--------+

Top non-repeatable levels by time:
     D:1: 1273 daAuts
     D:2: 822 daAuts
     D:3: 227 daAuts
